 Dungeon Sprint DCSS version 0.24-a0-252-g5076262 (webtiles) character file.

Game seed: 4507126500574733548

3975 HallandMoats the Fighter (level 10, -23/89 HPs)
             Began as a Mummy Monk on Apr 17, 2019.
             Was the Champion of Jiyva.
             Annihilated by a greater mummy
             ... wielding a +3 scythe of slicing
              (30 damage)
             ... in the Dungeon (Sprint V: "Ziggurat Sprint").
             The game lasted 00:01:48 (275 turns).

HallandMoats the Fighter (Mummy Monk)                Turns: 275, Time: 00:01:49

Health: -23/89     AC: 17    Str: 29    XL:     10   Next: 2%
Magic:  10/10      EV:  1    Int: 11    God:    Jiyva [******]
Gold:   0          SH: 26    Dex: 14    Spells: 9/9 levels left

rFire    . . .     SeeInvis +   r - +14 obsidian axe {chop, +Fly SInv *Curse} (curse)
rCold    + + .     Gourm    .   s - +18 shield of the Gong {rElec rN+ MR+ EV-5}
rNeg     + + +     Faith    .   d - +5 gold dragon scales
rPois    ∞         Spirit   .   (no helmet)
rElec    +         Reflect  .   (no cloak)
rCorr    +         Harm     .   (no gloves)
MR       ++...     NoTele   +   (no boots)
Stlth    ..........             (no amulet)
HPRegen  0.24/turn              p - +6 ring of strength
MPRegen  0.12/turn              q - +6 ring of strength

@: mesmerised, slowed, studying 2 skills, very slow
A: no food or potions, fire vulnerability, cold resistance 1, negative energy
resistance 3, torment resistance, unbreathing
a: Request Jelly, Slimify, Cure Bad Mutation, Renounce Religion, Evoke Flight


You were in the Dungeon.
You worshipped Jiyva.
Jiyva was exalted by your worship.
You were not hungry.

You visited 1 branch

Inventory:

Hand Weapons
 r - the cursed +14 obsidian axe (weapon) {chop, +Fly SInv *Curse}
   (You found it in the Dungeon)

   It inflicts extra damage upon your enemies.
   It lets you see invisible.
   It lets you fly.
   It curses itself when equipped.
   It has a curse placed upon it.
Armour
 d - +5 gold dragon scales (worn)
 s - the +18 shield of the Gong (worn) {rElec rN+ MR+ EV-5}
   (You found it in the Dungeon)

   It affects your evasion (-5).
   It insulates you from electricity.
   It protects you from negative energy.
   It affects your resistance to hostile enchantments.
Jewellery
 p - a +6 ring of strength (left hand)
 q - a +6 ring of strength (right hand)
Wands
 i - a wand of disintegration (7)
 j - a wand of iceblast (7)
 k - a wand of acid (7)
Scrolls
 b - 4 scrolls of amnesia
 c - 4 scrolls of blinking
 e - 7 scrolls of fog
 f - 5 scrolls of identify
 g - 5 scrolls of remove curse
 h - 2 scrolls of fear
Books
 a - a manual of Polearms
 l - a manual of Spellcasting


   Skills:
 + Level 12.0 Fighting
 + Level 10.3 Axes
 + Level 10.3 Dodging
 + Level 10.9 Stealth


You had 9 spell levels left.
You didn't know any spells.
Your spell library contained the following spells:

 Spells                   Type           Power        Failure   Level  Hunger
 Magic Dart               Conj           #...         100%        1    N/A
 Sting                    Conj/Pois      #...         100%        1    N/A
 Blink                    Tloc           N/A          100%        2    N/A
 Call Imp                 Summ           #.......     100%        2    N/A
 Slow                     Hex            #.......     100%        2    N/A
 Conjure Flame            Conj/Fire      #.......     100%        3    N/A
 Dazzling Spray           Conj/Hex       #.....       100%        3    N/A
 Inner Flame              Hex/Fire       #.......     100%        3    N/A
 Mephitic Cloud           Conj/Pois/Air  #.......     100%        3    N/A
 Cause Fear               Hex            #.........   100%        4    N/A
 Olgreb's Toxic Radiance  Pois           #.......     100%        4    N/A
 Venom Bolt               Conj/Pois      #.........   100%        5    N/A

Dungeon Overview and Level Annotations

Branches:
Dungeon (1/1)

Altars:
Ashenzari
Cheibriados
Dithmenos
Elyvilon
Fedhas
Gozag
Hepliaklqana
Kikubaaqudgha
Makhleb
Nemelex Xobeh
Okawaru
Qazlal
Ru
Sif Muna
Trog
Uskayaw
Vehumet
Wu Jian
Xom
Yredelemnul
Zin
The Shining One
Beogh
Jiyva
Lugonu

Annotations:
D 1 transporter


Innate Abilities, Weirdness & Mutations

You do not eat or drink.
Your flesh is vulnerable to fire.
You are immune to poison.
Your flesh is cold resistant. (rC+)
You are immune to negative energy. (rN+++)
You are immune to unholy pain and torment.
You can survive without breathing.


Message History

Your death ooze barely misses the greater mummy.
Your death ooze hits the greater mummy!
You block the emperor scorpion's attack.
GONNNNG!
The emperor scorpion claws you.
* * * LOW HITPOINT WARNING * * *
You block the emperor scorpion's attack.
BONNNG!
The death scarab bites your sun demon!
You hear a distant slurping noise.
You feel better.
Your death ooze barely misses the greater mummy.
Your death ooze hits the greater mummy!!
The emperor scorpion stings you but does no damage.
The emperor scorpion claws you.
* * * LOW HITPOINT WARNING * * *
The emperor scorpion claws you!
* * * LOW HITPOINT WARNING * * *
The greater mummy hits you with a +3 scythe of slicing!!
You die...

▓.▓.G.▓.▓
▓..G©...▓
▓▓▓▓▓▓▓▓▓
▓..8©8..▓
▓...)}..▓
▓..))|..▓
▓...J...▓
▓..M....▓
▓.J3@s..▓
▓...s...▓
▓.▓.3.▓.▓
▓...©...▓
▓▓▓▓▓▓▓▓▓


You could see a greater mummy, an emperor scorpion, a death scarab, a friendly
azure jelly, a friendly sun demon, a friendly death ooze and a friendly
ynoxinul.

Vanquished Creatures
  A dancing weapon (D)
  An orc high priest (D)
  A deep elf archer (D)
  A guardian mummy (D)
  2 jumping spiders (D)
  A flying skull (D)
  A scorpion (D)
  An orc priest (D)
  An orc (D)
  A leopard gecko skeleton (D)
  A leopard gecko zombie (D)
12 creatures vanquished.

Vanquished Creatures (collateral kills)
  2 deep elf knights (D)
  A deep elf archer (D)
  An air elemental (D)
4 creatures vanquished.

Vanquished Creatures (others)
  Dissolution (D)
  the Royal Jelly (D)
  Gloorx Vloq (D)
  Khufu (D)
  Tiamat (D)
  Xtahua (D)
  Margery (D)
  Geryon (D)
  5 acid blobs (D)
  An acid blob (shapeshifter) (D)
  A shadow dragon (shapeshifter) (D)
  4 azure jellies (D)
  Ilsuiw (D)
  A fire giant (shapeshifter) (D)
  Aizul (D)
  6 death oozes (D)
  A hydra (shapeshifter) (D)
  Erica (D)
  An alligator (shapeshifter) (D)
  A fire crab (shapeshifter) (D)
  3 sea snakes (shapeshifter) (D)
  2 shining eyes (shapeshifter) (D)
  3 mana vipers (shapeshifter) (D)
  A deep elf mage (D)
  2 cyclopes (shapeshifter) (D)
  A shining eye (D)
  A torpor snail (shapeshifter) (D)
  A water nymph (shapeshifter) (D)
  2 eyes of devastation (shapeshifter) (D)
  A meliai (shapeshifter) (D)
  A snapping turtle (shapeshifter) (D)
  A raiju (shapeshifter) (D)
  A water elemental (D)
  A spriggan (shapeshifter) (D)
  A yak (shapeshifter) (D)
  A human (shapeshifter) (D)
  Sigmund (D)
  A floating eye (shapeshifter) (D)
  Menkaure (D)
  An acid dragon (shapeshifter) (D)
  Duvessa (D)
  An ogre (shapeshifter) (D)
  A tengu (shapeshifter) (D)
  Blork the orc (D)
  A scorpion (shapeshifter) (D)
  Terence (D)
  A river rat (shapeshifter) (D)
  An ooze (shapeshifter) (D)
  A rat (shapeshifter) (D)
68 creatures vanquished.

Grand Total: 84 creatures vanquished

Notes
Turn   | Place    | Note
-------+----------+-------------------------------------------
     0 | D        | Found the +6 Majin-Bo {vamp, Archmagi MP+6 Int+6}
     0 | D        | Found the +7 great mace "Firestarter" {inner flame, rF++}
     0 | D        | HallandMoats the Mummy Monk began the quest for the Orb.
     0 | D        | Reached XP level 1. HP: 18/18 MP: 1/1
    14 | D        | Found a blossoming altar of Fedhas.
    17 | D        | Found a deep blue altar of Sif Muna.
    17 | D        | Found a sacrificial altar of Ru.
    17 | D        | Found a bloodstained altar of Trog.
    17 | D        | Found a stormy altar of Qazlal.
    17 | D        | Found an iron altar of Okawaru.
    17 | D        | Found a sparkling altar of Nemelex Xobeh.
    18 | D        | Found a transporter.
    18 | D        | Found an ancient bone altar of Kikubaaqudgha.
    18 | D        | Found a viscous altar of Jiyva.
    18 | D        | Found a corrupted altar of Lugonu.
    18 | D        | Found a hazy altar of Hepliaklqana.
    18 | D        | Found a burning altar of Makhleb.
    18 | D        | Found an opulent altar of Gozag.
    32 | D        | Found the +9 heavy crossbow "Sniper" {velocity, Acc+∞ SInv}
    32 | D        | Found the +10 dark maul {crush}
    32 | D        | Found the +15 Maxwell's patent armour {-Cast -Tele rElec
                  | MR+ rCorr}
    32 | D        | Found the +18 shield of the Gong {rElec rN+ MR+ EV-5}
    32 | D        | Found the cursed +14 obsidian axe {chop, +Fly SInv *Curse}
    53 | D        | Became a worshipper of Jiyva Jemes the Shapeless
    53 | D        | Reached * piety under Jiyva
    53 | D        | Reached ** piety under Jiyva
    53 | D        | Reached *** piety under Jiyva
    53 | D        | Reached **** piety under Jiyva
    53 | D        | Reached ***** piety under Jiyva
    53 | D        | Reached ****** piety under Jiyva
    53 | D        | Killed Sigmund
    56 | D        | Killed Margery
    56 | D        | Killed a mana viper
    56 | D        | Killed an azure jelly
    56 | D        | Killed Gloorx Vloq
    56 | D        | Killed an acid blob
    56 | D        | Killed Erica
    56 | D        | Killed Terence
    57 | D        | Killed Xtahua
    57 | D        | Killed a water nymph
    58 | D        | Killed Khufu
    58 | D        | Killed Blork the orc
    58 | D        | Killed a death ooze
    58 | D        | Killed an azure jelly
    59 | D        | Killed the Royal Jelly
    59 | D        | Killed a death ooze
    60 | D        | Killed an eye of devastation
    60 | D        | Killed an azure jelly
    60 | D        | Killed Dissolution
    61 | D        | Killed a mana viper
    61 | D        | Killed a death ooze
    61 | D        | Killed a shining eye
    61 | D        | Killed an acid dragon
    61 | D        | Killed an eye of devastation
    62 | D        | Killed Aizul
    62 | D        | Killed Tiamat
    62 | D        | Killed a death ooze
    62 | D        | Killed an alligator
    63 | D        | Killed an acid blob
    63 | D        | Killed a spriggan
    64 | D        | Killed Menkaure
    65 | D        | Killed Ilsuiw
    65 | D        | Killed a death ooze
    66 | D        | Killed an azure jelly
    66 | D        | Killed an acid blob
    66 | D        | Killed a torpor snail
    67 | D        | Killed Duvessa
    68 | D        | Killed a human
    68 | D        | Killed a sea snake
    69 | D        | Killed an acid blob
    71 | D        | Killed an acid blob
    71 | D        | Killed a death ooze
    73 | D        | Killed an acid blob
    74 | D        | Killed Geryon
    75 | D        | Killed a fire giant
    77 | D        | Killed a shadow dragon
    77 | D        | Killed a shining eye
    81 | D        | Killed a snapping turtle
    82 | D        | Killed a sea snake
    84 | D        | Killed a yak
    84 | D        | Killed a sea snake
    86 | D        | Killed a cyclops
    90 | D        | Killed a meliai
    96 | D        | Killed a mana viper
    98 | D        | Killed a shining eye
   104 | D        | Killed a scorpion
   105 | D        | Killed a fire crab
   120 | D        | Entered arena 2.
   120 | D        | Noticed an orc priest
   120 | D        | Found a transporter.
   123 | D        | Killed an orc priest
   123 | D        | Reached skill level 4 in Fighting
   123 | D        | Reached XP level 2. HP: 25/25 MP: 2/2
   123 | D        | Reached XP level 3. HP: 30/30 MP: 3/3
   125 | D        | Killed a cyclops
   127 | D        | Got the ring of Yshrozu {rElec rPois MP+9 Int-3 SInv}
   127 | D        | Killed a seven-headed hydra
   131 | D        | Entered arena 3.
   131 | D        | Noticed a scorpion
   131 | D        | Noticed a jumping spider
   131 | D        | Noticed a jumping spider
   131 | D        | Found a transporter.
   132 | D        | Killed a tengu
   134 | D        | Killed a jumping spider
   134 | D        | Reached skill level 6 in Fighting
   134 | D        | Reached skill level 5 in Axes
   134 | D        | Reached skill level 5 in Dodging
   134 | D        | Reached skill level 5 in Stealth
   134 | D        | Reached XP level 4. HP: 41/41 MP: 4/4
   134 | D        | Reached XP level 5. HP: 47/47 MP: 5/5
   137 | D        | Reached skill level 7 in Fighting
   137 | D        | Reached XP level 6. HP: 55/55 MP: 6/6
   140 | D        | Killed a jumping spider
   140 | D        | Reached skill level 8 in Fighting
   145 | D        | Entered arena 4.
   145 | D        | Noticed an orc high priest
   145 | D        | Noticed a deep elf mage
   145 | D        | Noticed an air elemental
   145 | D        | Noticed a water elemental
   145 | D        | Found a transporter.
   148 | D        | Killed a deep elf mage
   148 | D        | Reached skill level 9 in Fighting
   148 | D        | Reached XP level 7. HP: 63/64 MP: 7/7
   148 | D        | Killed a water elemental
   151 | D        | Killed an air elemental
   154 | D        | Killed an orc high priest
   154 | D        | Reached XP level 8. HP: 72/72 MP: 8/8
   160 | D        | Entered arena 5.
   160 | D        | Found a transporter.
   167 | D        | Entered arena 6.
   167 | D        | Noticed a deep elf knight
   167 | D        | Noticed a +2 hand axe of chopping
   167 | D        | Noticed a deep elf archer
   167 | D        | Noticed a deep elf knight
   167 | D        | Noticed a deep elf archer
   167 | D        | Found a transporter.
   171 | D        | Killed a +2 hand axe of chopping
   171 | D        | Reached skill level 10 in Fighting
   175 | D        | Killed a deep elf archer
   175 | D        | Reached skill level 11 in Fighting
   175 | D        | Reached XP level 9. HP: 35/81 MP: 9/9
   175 | D        | Killed a deep elf knight
   175 | D        | Reached skill level 10 in Stealth
   175 | D        | Killed a deep elf knight
   175 | D        | Reached skill level 10 in Axes
   175 | D        | Reached skill level 10 in Dodging
   176 | D        | Killed a deep elf archer
   179 | D        | Got the Grimoire of Vitriolic Bewitchment
   255 | D        | Entered arena 7.
   255 | D        | Noticed an eye of devastation
   256 | D        | Found a transporter.
   264 | D        | Entered arena 8.
   264 | D        | Noticed a greater mummy
   264 | D        | Noticed a guardian mummy
   264 | D        | Noticed a death scarab
   265 | D        | Found a transporter.
   269 | D        | Noticed an emperor scorpion
   275 | D        | Killed a guardian mummy
   275 | D        | Reached skill level 12 in Fighting
   275 | D        | Reached XP level 10. HP: 9/89 MP: 10/10
   275 | D        | Annihilated by a greater mummy

Levels and vault maps discovered:
D:        sprint_v [room_start, room_1, room_2, room_3, room_4, room_5, room_6,
          room_7, room_8, room_9, room_10, room_11, room_12, room_13, room_14,
          room_15, room_16, room_17, room_18, room_19, room_20, room_21,
          room_22, room_23, room_24, room_25, room_26, room_27]

Skill      XL: |  1  2  3  4  5  6  7  8  9 |
---------------+----------------------------+-----
Fighting       | 4 6 7 9 11 12 | 12.0
Axes           | 3 5 7 8 9 10 | 10.3
Dodging        | 3 5 7 8 9 10 | 10.3
Stealth        | 3 5 6 7 8 9 10 | 10.9

Action                   |  1- 3 |  4- 6 |  7- 9 | 10-12 || total
-------------------------+-------+-------+-------+-------++-------
Melee: Broad axe         |     4 |     6 |    17 |       ||    27
 Stab: Distracted        |       |       |     1 |       ||     1
Armor: Gold dragon scale |     3 |     6 |    18 |     1 ||    28
Dodge: Dodged            |       |       |     1 |       ||     1
Block: Shield            |     7 |    14 |    45 |     4 ||    70

Table legend:
 A = Non-vault XP
 B = Vault XP
 C = Vault XP percentage of total XP
 D = Non-vault monster count
 E = Vault monster count
 F = Vault count percentage of total count
                 A         B        C        D         E       F
            +---------+---------+-------+---------+---------+-------
      Total |       0 |    5679 | 100.0 |       0 |      18 | 100.0
            +---------+---------+-------+---------+---------+-------
          D |       0 |    5679 | 100.0 |       0 |      18 | 100.0
            +---------+---------+-------+---------+---------+-------
